 Dungeon Crawl Stone Soup version 0.30-a0-556-g0a0f5a245f (webtiles) character file.

Game seed: 18156541216112087285

80 Bnni the Vexing (level 4, 0/33 HPs)
             Began as a Formicid Hexslinger on Dec 27, 2022.
             Slain by a centaur (3 damage)
             ... on level 6 of the Dungeon.
             The game lasted 00:02:52 (1738 turns).

Bnni the Vexing (Formicid Hexslinger)               Turns: 1738, Time: 00:02:53

Health: 0/33       AC:  2    Str: 13 (15) XL:     4   Next: 65%
Magic:  4/6        EV: 12    Int: 19 (20) God:
Gold:   108        SH:  0    Dex: 11 (14) Spells: 2/6 levels left

rFire   + . .      SeeInvis +    a - +1 sling
rCold   x . .      Faith    .    (no shield)
rNeg    . . .      Spirit   .    c - +0 robe
rPois   .          Reflect  .    (helmet unavailable)
rElec   .          Harm     .    (no cloak)
rCorr   .          Rampage  .    (no gloves)
Will    .....                    (no boots)
Stlth   +                        (no amulet)
HPRegen 0.25/turn                e - +6 ring of intelligence
MPRegen 0.10/turn                p - ring of fire

@: no status effects
A: permanent stasis, dig shafts and tunnels, antennae 3, four strong arms
a: Dig, Shaft Self


You were on level 6 of the Dungeon.
You visited 1 branch of the dungeon, and saw 4 of its levels.

You collected 108 gold pieces.

Inventory:

Hand Weapons
 a - a +1 sling (weapon)
Missiles
 m - 2 curare-tipped darts
Armour
 c - a +0 robe (worn)
Jewellery
 e - a +6 ring of intelligence (left hand)
 p - a ring of fire (right hand)
Scrolls
 b - a scroll of poison
 f - a scroll of vulnerability {unknown}
 g - a scroll of blinking {unknown}
 h - a scroll of magic mapping {unknown}
 i - 2 scrolls of teleportation {unknown}
 k - 2 scrolls of amnesia {unknown}
 l - a scroll of fear {unknown}
 n - a scroll of enchant weapon {unknown}
 o - 2 scrolls of identify {unknown}
 q - a scroll of immolation {unknown}
Potions
 j - a potion of curing {unknown}


   Skills:
 + Level 2.0 Fighting
 * Level 2.9 Ranged Weapons
 - Level 1.7 Dodging
 + Level 1.6 Spellcasting
 * Level 4.5 Hexes
 + Level 1.0 Fire Magic


You had 2 spell levels left.
You knew the following spells:

 Your Spells              Type           Power      Damage    Failure   Level
a - Slow                  Hex            72%        N/A       2%          1
b - Inner Flame           Hex/Fire       18%        N/A       17%         3

Your spell library contained the following spells:

 Spells                   Type           Power      Damage    Failure   Level
 Freeze                   Ice            4%         1d3       17%         1
 Portal Projectile        Hex/Tloc       20%        N/A       21%         3
 Cause Fear               Hex            9%         N/A       26%         4


Dungeon Overview and Level Annotations

Branches:
Dungeon (3/15)

Altars:
Fedhas


Innate Abilities, Weirdness & Mutations

You cannot be hasted, slowed, berserked, paralysed or teleported.
You can dig through walls and to a lower floor.
You have a pair of large antennae on your head. (SInv)
Your four strong arms can wield two-handed weapons with a shield.


Message History

Aim: a centaur (chance to affect: 51%)
The centaur resists with significant effort.
The centaur closely misses you.
The centaur kicks you but does no damage.
Casting: Slow (safe; 2% risk of failure)
Confirm with . or Enter, or press ? or * to list all spells.
Aiming: Slow (safe; 2% risk of failure)
Press: ? - help, Shift-Dir - straight line, f/p - centaur
Aim: a centaur (chance to affect: 51%)
The centaur seems to slow down.
The centaur misses you. The centaur closely misses you.
You shoot a sling bullet.
The sling bullet hits the centaur but does no damage.
The centaur closely misses you. The centaur misses you.
You shoot a sling bullet. The sling bullet hits the centaur.
The centaur is moderately wounded.
The centaur hits you. The centaur kicks you. The centaur misses you.
The centaur barely misses you.
You shoot a sling bullet. The sling bullet hits the centaur.
The centaur is moderately wounded.
The centaur hits you. The centaur barely misses you.
You shoot a sling bullet. The sling bullet hits the centaur.
The centaur is heavily wounded.
The centaur hits you.
* * * LOW HITPOINT WARNING * * *
The centaur kicks you.
* * * LOW HITPOINT WARNING * * *
You shoot a sling bullet. The sling bullet hits the centaur.
The centaur is severely wounded.
The centaur closely misses you. The centaur barely misses you.
You shoot a sling bullet.
The sling bullet completely misses the centaur.
The centaur barely misses you. x2; The centaur hits you.
* * * LOW HITPOINT WARNING * * *
The centaur barely misses you.
It was a potion of degeneration.
There was something very wrong with that liquid.
You feel weakened.
You feel dopey.
You feel clumsy. The centaur hits you.
You die...

.c #. ###.#
############# ....
##...........#
#..##..#########.#
#..#@..## #.#
#.#..c....# #.#
#.......## #.#
###.##.## #.# #.
#.# #.# ## #.# #.#
#+# #.#### #....#
####.#


You could see a centaur (slow).

Vanquished Creatures
  3 adders (D:2)
  A gnoll (D:1)
  2 bats (D:1)
  6 endoplasms
  A giant cockroach (D:2)
  2 goblins
  3 hobgoblins
  3 kobolds
  7 quokkas
  6 ball pythons
  3 frilled lizards
  5 rats
42 creatures vanquished.

Vanquished Creatures (others)
  A fungus (D:2)
  3 plants (D:2)
4 creatures vanquished.

Grand Total: 46 creatures vanquished

Notes
Turn   | Place    | Note
-------+----------+-------------------------------------------
     0 | D:1      | Bnni the Formicid Hexslinger began the quest for the Orb.
     0 | D:1      | Reached XP level 1. HP: 15/15 MP: 2/2
   128 | D:1      | Reached XP level 2. HP: 21/21 MP: 3/3
   243 | D:1      | Reached skill level 4 in Hexes
   395 | D:1      | Reached XP level 3. HP: 26/26 MP: 5/5
   399 | D:1      | Learned a level 3 spell: Inner Flame
  1101 | D:2      | Found a blossoming altar of Fedhas.
  1188 | D:2      | Found a faded altar of an unknown god.
  1194 | D:2      | Reached XP level 4. HP: 19/32 MP: 6/6
  1256 | D:2      | Reached skill level 1 in Fire Magic
  1287 | D:2      | Got Plato's Directory of Frostbite
  1690 | D:3      | You fall into a shaft and drop 3 floors!
  1724 | D:6      | Noticed a centaur
  1738 | D:6      | Slain by a centaur

Illustrated notes

Levels and vault maps discovered:
D:1:      lightli_arrival_noodles, layout_basic
D:2:      layout_basic, basic_altar, shapermc_ecumenical_altar_rom_forum,
          due_unseen_surprise
D:3:      layout_basic
D:6:      layout_loops_corners, lemuel_crystal_altar, temple_pool_b,
          kennysheep_diamond

Skill      XL: |  1  2  3  4 |
---------------+-------------+-----
Hexes          | 4 |  4.5
Fire Magic     | 1 |  1.0
Fighting       | 2 |  2.0
Ranged Weapons | |  2.9
Dodging        | |  1.7
Spellcasting   | |  1.6

Action                   |  1- 3 |  4- 6 || total
-------------------------+-------+-------++-------
 Fire: Sling             |    99 |    50 ||   149
 Cast: Slow              |     3 |     3 ||     6
 Abil: Dig               |     1 |       ||     1
  Use: Potion            |       |     1 ||     1
Armor: Robe              |     7 |     5 ||    12
Dodge: Dodged            |    33 |    28 ||    61

Table legend: (Time is in decaauts)
 A = Elapsed time spent in this place.
 B = Non-inter-level travel time spent in this place.
 C = Inter-level travel time spent in this place.
 D = Time resting spent in this place.
 E = Time spent auto-exploring this place.
 F = Levels seen in this place.
 G = Mean time per level.
                   A        B        C        D        E       F      G
               +--------+--------+--------+--------+--------+-----+--------+
         Total |   1776 |   1725 |     51 |     52 |   1333 |   4 |  444.0 |
       Dungeon |   1776 |   1725 |     51 |     52 |   1333 |   4 |  444.0 |
               +--------+--------+--------+--------+--------+-----+--------+

Top non-repeatable levels by time:
     D:1: 947 daAuts
     D:2: 667 daAuts
     D:3: 112 daAuts
     D:6: 49 daAuts
